Cogmind - Beta 11.1 @@@ ROGUE MODE // 2022.05.02 @ 02:31:35 Player: Olga Result: Self-destructed Performance ------------- Evolutions (1) 500 Regions Visited (4) 800 Robots Destroyed (2) 10 Value Destroyed (20) 20 Prototype IDs (0) 0 Alien Tech Used (0) 0 Bonus (200) 200 TOTAL SCORE: 1530 Bonus ------- Entered Garrisons 200 Cogmind --------- Core Integrity 81/400 Matter 232/300 Energy 99/100 System Corruption 0% Temperature Cool (6) Movement Core (50) Location -9/Garrison Parts ------- > --- POWER (1) -------- (None) > --- PROPULSION (2) --- (None) > --- UTILITY (4) ------ Advanced Visual Processing Unit Advanced Visual Processing Unit > --- WEAPON (2) ------- (None) > --- INVENTORY (5) ---- Light Ion Engine Light Treads Light Treads Compact Wheel Heavy Mace Peak State ------------ > --- POWER ------------ (None) > --- PROPULSION ------- (None) > --- UTILITY ---------- Advanced Visual Processing Unit Advanced Visual Processing Unit > --- WEAPON ----------- (None) > --- INVENTORY -------- Light Ion Engine Light Treads Light Treads Compact Wheel Heavy Mace [Rating: 6] Favorites ----------- Power None Propulsion Flight Unit Flight Unit Flight Unit Utility Advanced Visual Processing Unit Processor Advanced Visual Processing Unit Weapon Assault Rifle Ballistic Gun Assault Rifle Build | -11 -10 -9 -9 -9 ------- Run | Scr Mat Mat Sto Gar Slots Evolved 2 | . . 2 . . Power . | . . . . . Propulsion . | . . . . . Utility 2 | . . 2 . . Weapon . | . . . . . Parts Attached 4 | 1 1 2 . . Power . | . . . . . Engine . | . . . . . Core . | . . . . . Reactor . | . . . . . Propulsion 1 | . 1 . . . Treads . | . . . . . Leg . | . . . . . Wheel . | . . . . . Hover . | . . . . . Flight 1 | . 1 . . . Utility 2 | . . 2 . . Device . | . . . . . Storage . | . . . . . Processor 2 | . . 2 . . Hackware . | . . . . . Protection . | . . . . . Artifact . | . . . . . Weapon 1 | 1 . . . . Energy Gun . | . . . . . Energy Cannon . | . . . . . Ballistic Gun 1 | 1 . . . . Ballistic Cannon . | . . . . . Launcher . | . . . . . Special Weapon . | . . . . . Impact Weapon . | . . . . . Slashing Weapon . | . . . . . Piercing Weapon . | . . . . . Special Melee Weapon . | . . . . . Unidentified Prototypes . | . . . . . Parts Lost 2 | . 2 . . . Power . | . . . . . Propulsion 1 | . 1 . . . Utility . | . . . . . Weapon 1 | . 1 . . . Highest Loss Streak 2 | . 2 . . . To Critical Strikes . | . . . . . Average Slot Usage (%) 20 | . 21 13 22 22 Flight 2 | . 9 . . . Processor 15 | . . 13 22 22 Ballistic Gun 2 | . 11 . . . Naked Turns 33 | . 13 20 . . Heaviest Build 2 | 2 2 . . . Greatest Support 4 | 3 4 3 3 3 Greatest Overweight (x) . | . . . . . Average Overweight (x) . | . . . . . Largest Inventory Capacity 5 | 5 5 5 5 5 Average Capacity 5 | 5 5 5 5 5 Most Carried 5 | 4 4 5 5 5 Average Carried 4 | 4 4 4 5 5 Final Capacity 5 | 5 5 5 5 5 Final Carried 5 | 4 4 5 5 5 Class Distribution -------------------- 100% | Mutant Dominant Class ---------------- Mutant | -10/Materials Mutant | -9/Materials Mutant | -9/Storage Mutant | -9/Garrison Resources | -11 -10 -9 -9 -9 ----------- Run | Scr Mat Mat Sto Gar Matter Collected 201 | 190 11 . . . Remotely . | . . . . . Salvage Created 30 | . 30 . . . Parts 1 | . 1 . . . Haulers Intercepted . | . . . . . Recyclers Shooed 1 | . 1 . . . Parts Field Recycled . | . . . . . Retrieved Matter . | . . . . . Parts Self-Destructed . | . . . . . Prevented . | . . . . . Kills | -11 -10 -9 -9 -9 ------- Run | Scr Mat Mat Sto Gar Combat Hostiles Destroyed 2 | . 2 . . . Guns 2 | . 2 . . . Classes Destroyed 1 | . 1 . . . Swarmer 2 | . 2 . . . Best Kill Streak 2 | . 2 . . . Combat Bots Only 2 | . 2 . . . Max Kills in Single Turn 1 | . 1 . . . Gunslinging . | . . . . . Exploded . | . . . . . Melee . | . . . . . Uniques/NPCs Destroyed . | . . . . . Combat | -11 -10 -9 -9 -9 -------- Run | Scr Mat Mat Sto Gar Damage Taken 646 | . 327 101 26 192 Core 525 | . 206 101 26 192 Absorbed by Shields 33 | . . . . 33 Core Remaining (%) 58 | 100 17 . . . Volleys Fired 13 | . 13 . . . Largest 1 | . 1 . . . Hottest 20 | . 20 . . . Shots Fired 13 | . 13 . . . Gun 13 | . 13 . . . Cannon . | . . . . . Launcher . | . . . . . Special . | . . . . . Kinetic 13 | . 13 . . . Thermal . | . . . . . Explosive . | . . . . . Electromagnetic . | . . . . . Robot Hit Streak 3 | . 3 . . . Robot Miss Streak 4 | . 4 . . . Penetration Max . | . . . . . Secondary Targets . | . . . . . Shots Hit Robots 5 | . 5 . . . Core Hits 2 | . 2 . . . Critical Kills . | . . . . . Critical Parts Destroyed . | . . . . . Critical Strikes . | . . . . . Melee Attacks . | . . . . . Impact . | . . . . . Slashing . | . . . . . Piercing . | . . . . . Sneak Attacks . | . . . . . Combat Hostiles . | . . . . . Follow-up Attacks . | . . . . . Damage Inflicted 65 | . 65 . . . Guns 65 | . 65 . . . Cannons . | . . . . . Explosions . | . . . . . Melee . | . . . . . Ramming . | . . . . . Kinetic 65 | . 65 . . . Thermal . | . . . . . Explosive . | . . . . . Electromagnetic . | . . . . . Impact . | . . . . . Slashing . | . . . . . Piercing . | . . . . . Highest Corruption . | . . . . . Average Corruption . | . . . . . Corruption Purged . | . . . . . Corruption Blocked . | . . . . . Overload Shots . | . . . . . Overflow Damage . | . . . . . Projectiles . | . . . . . Explosions . | . . . . . Melee . | . . . . . Knockbacks . | . . . . . Impact . | . . . . . Kinetic . | . . . . . Secondary . | . . . . . Self-Inflicted Damage . | . . . . . Shots . | . . . . . Rammed . | . . . . . Targets Rammed . | . . . . . Kicked . | . . . . . Crushed . | . . . . . Highest Temperature . | . . . . . Average Temperature . | . . . . . Received Heat Transfer 170 | . 48 36 . 86 Siege Activations . | . . . . . Robots Corrupted . | . . . . . Combat Hostiles . | . . . . . Parts Fried . | . . . . . Impact Corruptions . | . . . . . Robots Melted . | . . . . . Combat Hostiles . | . . . . . Parts Melted . | . . . . . Heat Transferred . | . . . . . Parts Sabotaged . | . . . . . Parts Stolen . | . . . . . Parts Stripped . | . . . . . Power Chain Reactions . | . . . . . Missiles Intercepted . | . . . . . Alert | -11 -10 -9 -9 -9 ------- Run | Scr Mat Mat Sto Gar Peak Influence 91 | . 86 51 21 91 Initial 31 | . . 31 21 16 Average 38 | . 37 45 21 41 Maximum Alert Level . | . . . . . Low Security (%) 100 | 100 100 100 100 100 Level 1 . | . . . . . Level 2 . | . . . . . Level 3 . | . . . . . Level 4 . | . . . . . Level 5 . | . . . . . High Security . | . . . . . Max Security . | . . . . . Squads Dispatched 2 | . 2 . . . Investigation 1 | . 1 . . . Extermination . | . . . . . Reinforcement 1 | . 1 . . . Assault . | . . . . . Garrison . | . . . . . Intercept . | . . . . . Searches Triggered . | . . . . . Construction Impeded . | . . . . . Haulers Reinforced . | . . . . . Active Scanning Responses . | . . . . . Cargo Convoy Interrupts . | . . . . . Stealth | -11 -10 -9 -9 -9 --------- Run | Scr Mat Mat Sto Gar Distress Signals . | . . . . . Communications Jammed . | . . . . . Distress Signals . | . . . . . Times Spotted 30 | . 11 4 5 10 Peak Tracking Total 7 | . 7 4 5 5 Tactical Retreats 3 | . 1 . . 2 Traps | -11 -10 -9 -9 -9 ------- Run | Scr Mat Mat Sto Gar Traps Triggered 4 | . . . . 4 Indirectly . | . . . . . Trap Hack Attempts . | . . . . . Triggered . | . . . . . Disarmed . | . . . . . Reprogrammed . | . . . . . Reused . | . . . . . Traps Extracted . | . . . . . Installed . | . . . . . Triggered . | . . . . . Machines | -11 -10 -9 -9 -9 ---------- Run | Scr Mat Mat Sto Gar Machines Disabled . | . . . . . Max in Single Turn . | . . . . . Machines Sabotaged . | . . . . . Garrisons Compromised . | . . . . . Overloaded Fab Kills . | . . . . . Hacking | -11 -10 -9 -9 -9 --------- Run | Scr Mat Mat Sto Gar Machines Accessed 4 | . 2 1 1 . Terminals 3 | . 2 1 . . Fabricators . | . . . . . Repair Stations . | . . . . . Recycling Units . | . . . . . Scanalyzers . | . . . . . Garrison Access 1 | . . . 1 . Total Hacks 18 | . 12 5 1 . Successful 7 | . 4 2 1 . Failed 11 | . 8 3 . . Catastrophic 1 | . . 1 . . Database Lockouts . | . . . . . Manual 15 | . 11 4 . . Terminals 17 | . 12 5 . . Fabricators . | . . . . . Repair Stations . | . . . . . Recycling Units . | . . . . . Scanalyzers . | . . . . . Garrison Access 1 | . . . 1 . Terminal Hacks 3 | . 2 1 . . Terminal Index 2 | . 1 1 . . Zone Layout 1 | . 1 . . . Fabricator Hacks . | . . . . . Repair Station Hacks . | . . . . . Recycling Unit Hacks . | . . . . . Scanalyzer . | . . . . . Garrison Access Hacks 1 | . . . 1 . Unlock Access 1 | . . . 1 . Unauthorized Hacks 3 | . 2 1 . . Terminals 3 | . 2 1 . . Botnet 3 | . 2 1 . . Fabricators . | . . . . . Repair Stations . | . . . . . Recycling Units . | . . . . . Scanalyzers . | . . . . . Garrison Access . | . . . . . Data Cores Recovered . | . . . . . Used . | . . . . . Hacking Detections 3 | . 2 1 . . Full Trace Events 3 | . 2 1 . . Feedback Events . | . . . . . Feedback Blocked . | . . . . . Robot Schematics Acquired . | . . . . . Robots Built . | . . . . . Authchips . | . . . . . Time . | . . . . . Total Robot Build Rating . | . . . . . Part Schematics Acquired . | . . . . . Parts Built . | . . . . . Authchips . | . . . . . Time . | . . . . . Total Part Build Rating . | . . . . . Parts Repaired . | . . . . . Time . | . . . . . Parts Recycled . | . . . . . Recycled Matter . | . . . . . Retrieved Matter . | . . . . . Retrieved Components . | . . . . . Parts Scanalyzed . | . . . . . Part Schematics Acquired . | . . . . . Parts Damaged . | . . . . . Bothacking | -11 -10 -9 -9 -9 ------------ Run | Scr Mat Mat Sto Gar Used RIF Installer . | . . . . . Robots Hacked . | . . . . . Non-combat . | . . . . . Combat . | . . . . . Robot Hacks Applied . | . . . . . Relay Couplers Released . | . . . . . Fabnet Peak Effective % . | . . . . . Robots Rewired . | . . . . . Allies Hacked . | . . . . . Hacks Repelled . | . . . . . Allies | -11 -10 -9 -9 -9 -------- Run | Scr Mat Mat Sto Gar Total Allies . | . . . . . Largest Group . | . . . . . Highest-Rated Group . | . . . . . Highest-Rated Ally . | . . . . . Total Orders . | . . . . . Ally Attacks . | . . . . . Total Damage . | . . . . . Kills . | . . . . . Allies Corrupted . | . . . . . Allies Melted . | . . . . . Intel | -11 -10 -9 -9 -9 ------- Run | Scr Mat Mat Sto Gar Robot Analysis Total . | . . . . . Derelict Logs Recovered . | . . . . . Drone Launches . | . . . . . Drone Recoveries . | . . . . . Exploration | -11 -10 -9 -9 -9 ------------- Run | Scr Mat Mat Sto Gar Turns Passed 278 | 1 65 43 34 135 Spaces Moved 392 | 1 85 78 67 161 Core 339 | 1 32 78 67 161 Treads . | . . . . . Legs . | . . . . . Wheels . | . . . . . Hover . | . . . . . Flight 53 | . 53 . . . Fastest Speed 40 | 50 40 50 50 50 Average Speed 48 | 50 43 50 50 50 Slowest Speed 50 | 50 50 50 50 50 Overloaded Moves . | . . . . . Propulsion Burnouts . | . . . . . Robots Hopped 1 | . 1 . . . Cave-ins Triggered . | . . . . . Exploration Rate (%) 20 | 2 28 12 23 38 Regions Visited 4 Branch Regions 1 Pre-discovered Areas . | . . . . . Known Exits Taken 1 | . . . 1 . Unknown Exits Taken 3 | 1 1 1 . . Scrap Searched . | . . . . . Spaces Dug . | . . . . . Terrain Destroyed . | . . . . . Melee . | . . . . . Projectile . | . . . . . AOE . | . . . . . Terrain Rammed . | . . . . . Walls Destroyed . | . . . . . Machines Disabled . | . . . . . Actions | -11 -10 -9 -9 -9 --------- Run | Scr Mat Mat Sto Gar Total 459 | 1 97 80 67 214 Wait . | . . . . . Move 385 | . 82 77 67 159 Hop 1 | . 1 . . . Pick Up 1 | . . 1 . . Fast Attach 3 | . 1 2 . . Attach 1 | 1 . . . . Detach . | . . . . . Swap . | . . . . . Drop . | . . . . . Fire 13 | . 13 . . . Melee . | . . . . . Ram . | . . . . . Kick . | . . . . . Crush . | . . . . . Escape Stasis 55 | . . . . 55 Rewire . | . . . . . Trap . | . . . . . Miscellaneous . | . . . . . Route ------- -11/Scrapyard -10/Materials (discovered 2 exits: *Mat / [*Min]) -9/Materials -9/Storage -9/Garrison (discovered 1 exit: [*Rec]) History --------- Turn | Location | Event 1 | -11/Scrapyard | Released all parts (6) 2 | -11/Scrapyard | Discovered new exit (range 0) 2 | -11/Scrapyard | Entered Materials 56 | -10/Materials | Discovered new exit (range 11) 57 | -10/Materials | Discovered new exit (range 19) 59 | -10/Materials | Core integrity fell below 50% 67 | -10/Materials | Core integrity fell below 20% 67 | -10/Materials | Entered another Materials area 67 | -9/Materials | Evolved 2 slots: Utility x2 105 | -9/Materials | Discovered new exit (range 11) 110 | -9/Materials | Entered Storage 144 | -9/Storage | Identified exit to Garrison 144 | -9/Storage | Entered Garrison 192 | -9/Garrison | Triggered checkpoint 227 | -9/Garrison | Discovered new exit (range 12) 232 | -9/Garrison | Attempted to access garrison exit controls, blocked by remote lockdown 246 | -9/Garrison | Triggered checkpoint 251 | -9/Garrison | Core integrity fell below 50% 279 | -9/Garrison | Self-destructed Last Messages --------------- 00263_ Field strength at 19. 00264_ Field strength at 13. 00265_ Field strength at 4. 00266_ Stasis field depleted. 00266_ Triggered Stasis Trap. 00266_ A bubble of rippling energy engulfs the area. 00266_ Field strength at 94. 00267_ Field strength at 88. 00268_ Field strength at 79. 00269_ Field strength at 73. 00270_ Field strength at 64. 00271_ Field strength at 58. 00272_ Field strength at 49. 00273_ Field strength at 43. 00274_ Field strength at 37. 00275_ Field strength at 28. 00276_ Field strength at 19. 00277_ Field strength at 10. 00278_ Field strength at 4. 00279_ Stasis field depleted. Map ----- +----------------------------------------------------+ | ?????????????????# #??????????????????????????? | | ?????????????????# < #??????????????????????????? | | ?????????????????# #??????????????????????????? | | ?????????????????# ###??????????????????????????? | | ?????????????????# #????????????????????????????? | | ?????????????????# #????????????????????????????? | | ?????????????????# #????????????????????????????? | | ?????????????????# #????????????????????????????? | | ?????????????????# #????????????????????????????? | | ?????????????????# #????????????????????????????? | | ?????????????????# #????????????????????????????? | | ??????############ ##??###??????????????????????? | | ??????# #?? #??????????????????????? | | ??????# #??# #??????????????????????? | | ??????# ########### #??# #??????????????????????? | | ??????# #?????????# #?##+##?????????????????????? | | ??????# #?????????# #?# #?????????????????????? | | ??????# #?????????# ### g ##########????????????? | | ??????# #?????????# #????????????? | | ??????# #?????????######g####### #????????????? | | ??????# #??????????????# #????#"""""#???????????? | | ??????# #??????????????# #????#######???????????? | | ??????# #??????????????# #??????????????????????? | | #""""## ##?????????????# #??????????????????????? | | #????#####l#### #??????????????????????? | | # g@#??????????????????????? | | #????########## #??????????????????????? | | # ## #?????????????# ^??????????????????????? | | # ## #?????????????###??????????????????????? | | "??????????????????????????????????????? | | ^ "??????????????????????????????????????? | | "??????????????????????????????????????? | | "??????????????????????????????????????? | | # ## #??????????????????????????????????????? | | # ## ######?????????????????????????????????? | | #?????????????????????????????? | | #?????????????????????????????? | | ####### #?????????????????????????????? | | #""""## ##??????????????????????????????????????? | | ??????# #???????????????????????????????????????? | | ??????# #???????????????????????????????????????? | | ??????# #???????????????????????????????????????? | | ??????# #???????????????????????????????????????? | | ??????# #???????????????????????????????????????? | | ??????? #???????????????????????????????????????? | | ??????? #???????????????????????????????????????? | | ??????? ????????????????????????????????????????? | | ??????? ????????????????????????????????????????? | | ???????##????????????????????????????????????????? | | ?????????????????????????????????????????????????? | +----------------------------------------------------+ Best States ------------- Heat Dissipation 28 Energy Generation 5 Energy Capacity 100 Matter Stores 270 Matter Capacity 300 Sight Range 20 Terrain Scan Density 10 Evasion (%) 62 Item Schematics ----------------- None Robot Schematics ------------------ None Fabricated ------------ Nothing Alien Tech Used ----------------- None Achievements -------------- None Challenges ------------ None Game ------ Seed VariableCloakingFirepult Manual? 0 Play Time 00:06:11 Cumulative 151.3 hours Start 2022.05.02 @ 02:26:43 End 2022.05.02 @ 02:31:35 Sessions 1 Manual Loads 0 Difficulty Rogue Special Mode None Game No. 239 Rogue 238 Adventurer 0 Explorer 1 Win Type - Total 7 Types 7/0/0/0/0/0/0/0/0 Lore% 60 Gallery% 62 Achievement% 51 Wizard Run 0 Options --------- ASCII 1 Keyboard 0 Movement Vi Keybinds 0 Fullscreen 1 Font 18/SmallcapsGlow Map View 76x50 Tactical HUD 1 Map Filters NONE Filters NONE Steam 1 RUN: 561ee8d2-5af6-4bbf-9d7a-553ee5c2d100